 Dungeon Crawl Stone Soup version 0.21.1-1-g345015fe64 (webtiles) character file.

17906 ImError the Blocker (level 12, -9/98 HPs)
             Began as a Formicid Fighter on June 8, 2018.
             Was an Initiate of Gozag.
             Mangled by a six-headed hydra (14 damage)
             ... on level 1 of the Lair of Beasts on June 9, 2018.
             The game lasted 00:52:14 (12782 turns).

ImError the Blocker (Formicid Fighter)             Turns: 12782, Time: 00:52:15

Health: -9/98      AC: 16    Str: 21    XL:     12   Next: 88%
Magic:  19/19      EV: 11    Int:  9    God:    Gozag
Gold:   2684       SH: 12    Dex: 14    Spells: 10/11 levels left

rFire    . . .     SeeInvis +   S - +5 great sword
rCold    . . .     Gourm    .   c - +0 shield
rNeg     . . .     Faith    .   E - +2 ring mail {MR+}
rPois    +         Spirit   .   (helmet unavailable)
rElec    .         Reflect  .   i - +2 cloak
rCorr    .         Harm     +   I - +0 pair of gloves
MR       ++...                  (no boots)
Stlth    +.........             u - amulet of harm
HPRegen  0.26/turn              m - +2 ring of protection
MPRegen  0.16/turn              L - ring of poison resistance

@: no status effects
A: permanent stasis, dig shafts and tunnels, four strong arms, antennae 3
a: Dig, Shaft Self, Potion Petition, Call Merchant, Bribe Branch, Renounce
Religion


You were on level 1 of the Lair of Beasts.
You worshipped Gozag.
Gozag was most pleased with you.
You were hungry.

You visited 3 branches of the dungeon, and saw 15 of its levels.

You collected 2794 gold pieces.
You spent 33 gold pieces at shops.
You paid 77 gold pieces to Gozag.

Inventory:

Hand Weapons
 S - a +5 great sword (weapon)
Missiles
 e - 510 stones (quivered)
 p - 15 tomahawks
 s - 3 exploding tomahawks
Armour
 b - a +0 scale mail
 c - a +0 shield (worn)
 i - a +2 cloak (worn)
 z - a scarf of resistance
 E - a +2 ring mail of magic resistance (worn)
 I - a +0 pair of gloves (worn)
 N - a +0 plate armour
Jewellery
 m - a +2 ring of protection (left hand)
 n - an uncursed amulet of magic regeneration
 o - an uncursed ring of protection from magic
 u - an amulet of harm (around neck)
 y - an uncursed ring of ice
 B - an uncursed ring of stealth
 L - a ring of poison resistance (right hand)
Wands
 r - a wand of flame (16)
 w - a wand of acid (5)
 D - a wand of disintegration (19)
 R - a wand of iceblast (10)
Scrolls
 a - a scroll of holy word {unknown}
 h - 4 scrolls of magic mapping
 q - a scroll of acquirement {unknown}
 t - 5 scrolls of fog
 v - a scroll of amnesia
 x - 7 scrolls of teleportation
 A - 3 scrolls of fear
 G - a scroll of remove curse
 H - a scroll of enchant armour
 O - a scroll of random uselessness {unknown}
 T - 4 scrolls of identify
Potions
 d - a potion of lignification
 g - 3 potions of degeneration
 k - 3 potions of curing
 l - 3 potions of berserk rage
 C - a potion of mutation
 F - 2 potions of invisibility
Books
 K - a book of Battle

   Spells                             Type                      Level
   a - Infusion                       Charms                       1
   b - Shroud of Golubria             Charms/Translocation         2
   c - Song of Slaying                Charms                       2
   d - Spectral Weapon                Hexes/Charms                 3
   e - Regeneration                   Charms/Necromancy            3
 M - a book of Conjurations

   Spells                             Type                      Level
   a - Magic Dart                     Conjuration                  1
   b - Searing Ray                    Conjuration                  2
   c - Dazzling Spray                 Conjuration/Hexes            3
   d - Fulminant Prism                Conjuration/Hexes            4
   e - Force Lance                    Conjuration/Translocation    4
   f - Iskenderun's Mystic Blast      Conjuration                  4
 P - a book of Cantrips

   Spells                             Type                      Level
   a - Confusing Touch                Hexes                        1
   b - Animate Skeleton               Necromancy                   1
   c - Summon Small Mammal            Summoning                    1
   d - Apportation                    Translocation                1
 Q - a book of Maledictions

   Spells                             Type                      Level
   a - Corona                         Hexes                        1
   b - Ensorcelled Hibernation        Hexes/Ice                    2
   c - Confuse                        Hexes                        3
   d - Tukima's Dance                 Hexes                        3
   e - Dazzling Spray                 Conjuration/Hexes            3
Comestibles
 f - 11 rations


   Skills:
 + Level 10.4 Fighting
 - Level 8.7 Long Blades
 + Level 10.7 Armour
 - Level 1.1 Dodging
 - Level 0.3 Stealth
 + Level 11.4 Shields
 + Level 10.2 Evocations


You had 10 spell levels left.
You knew the following spells:

 Your Spells              Type           Power        Failure   Level  Hunger
a - Apportation           Tloc           #.....       52%         1    ##.....


Dungeon Overview and Level Annotations

Branches:
Dungeon (13/15)            Temple (1/1) D:4            Lair (1/6) D:10
    Orc (0/2) D:11
 Vaults: D:13-14

Altars:
Ashenzari
Cheibriados
Dithmenos
Fedhas
Gozag
Hepliaklqana
Kikubaaqudgha
Nemelex Xobeh
Okawaru
Qazlal
Ru
Sif Muna
Trog
Vehumet
Wu Jian
Xom
Zin
The Shining One

Shops:
D:5 ?


Innate Abilities, Weirdness & Mutations

You cannot be hasted, slowed, berserked, paralysed or teleported.
You can dig through walls and to a lower floor.
Your four strong arms can wield two-handed weapons with a shield.
You have a pair of large antennae on your head. (SInv)


Message History

The six-headed hydra bites you but does no damage. x3
Evoke which item? (* to show all) (? for menu, Esc to quit)
Aiming: Disintegrate
Press: ? - help, Shift-Dir - straight line, f/p - six-headed hydra
Aim: a six-headed hydra (severely wounded, chance to defeat MR: 66%)
The six-headed hydra struggles to resist.
You block the six-headed hydra's attack.
The six-headed hydra barely misses you.
The six-headed hydra bites you but does no damage. x2
You block the six-headed hydra's attack.
The six-headed hydra bites you!
* * * LOW HITPOINT WARNING * * *
Okay, then.
You feel better. The six-headed hydra bites you.
* * * LOW HITPOINT WARNING * * *
You block the six-headed hydra's attack.
The six-headed hydra completely misses you. x2
The six-headed hydra bites you!
You die...
Your body crumbles into a pile of gold.

...... .#. ... #....
.. .... #...# .#.....
#..D##.....# #...%..#
##### #$$##...... ###
#...# ##.## ...##
#...#...###..P##...#
##....@D...........^..
#.....................
##...########..##P....
#... ##.# ##.. ### ..#
. #.# ##


You could see a six-headed hydra.

Vanquished Creatures
  Gastronok (D:11)
  Snorg (D:11)
  3 two-headed ogres
  2 unseen horrors
  2 ugly things
  A manticore (D:11)
  A centaur zombie (D:12)
  2 spiny frogs (Lair:1)
  Psyche (D:11)
  2 kobold demonologists
  4 trolls (D:11)
  Grinder (D:4)
  A hippogriff (D:11)
  Sigmund (D:6)
  A shadow (D:11)
  6 yaks (D:11)
  Eustachio (D:4)
  A basilisk (D:12)
  2 wargs (D:10)
  A hungry ghost (D:12)
  Edmund (D:3)
  An acid dragon (D:11)
  A water moccasin (D:8)
  5 orc warriors
  4 ice beasts
  3 phantoms
  A necrophage (D:8)
  4 sky beasts
  8 ogres
  A crocodile (Lair:1)
  6 centaurs
  2 big kobolds
  10 bullfrogs
  A scorpion (D:7)
  5 killer bees (D:11)
  17 wights
  4 howler monkeys
  3 crimson imps
  2 jellies
  9 orc priests
  9 orc wizards
  3 centaur skeletons
  5 hounds
  2 bullfrog skeletons
  3 iguanas
  5 worker ants
  A hound zombie (D:11)
  2 hound skeletons
  A worker ant zombie (D:5)
  3 gnolls (D:8)
  14 adders
  3 shadow imps
  4 oozes
  An adder skeleton (D:5)
  2 worms (D:2)
  3 leopard geckos
  59 orcs
  4 giant cockroaches
  11 goblins
  13 hobgoblins
  20 kobolds
  8 quokkas
  4 bats
  2 frilled lizards
  A leopard gecko skeleton (D:5)
  A quokka zombie (D:8)
  5 rats
312 creatures vanquished.

Vanquished Creatures (others)
  A fungus (Lair:1)
1 creature vanquished.

Grand Total: 313 creatures vanquished

Notes
Turn   | Place    | Note
-------+----------+-------------------------------------------
     0 | D:1      | ImError the Formicid Fighter began the quest for the Orb.
     0 | D:1      | Reached XP level 1. HP: 18/18 MP: 1/1
   150 | D:1      | Reached XP level 2. HP: 18/24 MP: 2/2
   684 | D:2      | Reached XP level 3. HP: 29/29 MP: 3/3
   715 | D:2      | Found an iron altar of Okawaru.
   723 | D:2      | Reached skill level 4 in Shields
  1007 | D:2      | Reached XP level 4. HP: 35/35 MP: 4/4
  1601 | D:2      | Reached XP level 5. HP: 28/42 MP: 5/5
  2056 | D:3      | You fall through a shaft for 2 floors!
  2056 | D:5      | Entered Level 5 of the Dungeon
  2157 | D:4      | Noticed Edmund
  2171 | D:3      | Reached XP level 6. HP: 11/48 MP: 6/6
  2464 | D:3      | Killed Edmund
  2464 | D:3      | Reached skill level 5 in Armour
  2464 | D:3      | Reached skill level 1 in Dodging
  2464 | D:3      | Reached skill level 5 in Shields
  2481 | D:4      | Reached XP level 7. HP: 32/54 MP: 7/7
  2720 | D:4      | Found a staircase to the Ecumenical Temple.
  2764 | D:4      | Noticed Eustachio
  2786 | D:4      | Killed Eustachio
  2832 | D:4      | Found a faded altar of an unknown god.
  2842 | Temple   | Entered the Ecumenical Temple
  2915 | Temple   | Became a worshipper of Gozag Ym Sagoz the Greedy
  3101 | D:4      | Noticed Grinder
  3118 | D:4      | Killed Grinder
  3118 | D:4      | Reached skill level 5 in Fighting
  3118 | D:4      | Reached skill level 5 in Long Blades
  3118 | D:4      | Reached skill level 6 in Shields
  3118 | D:4      | Reached XP level 8. HP: 55/62 MP: 8/8
  3310 | D:5      | Found Deocwekh's Magic Scroll Shop.
  3334 | D:5      | Bought a scroll of remove curse for 33 gold pieces
  4192 | D:5      | Reached skill level 1 in Evocations
  4208 | D:5      | Reached XP level 9. HP: 62/69 MP: 8/10
  4226 | D:6      | Reached skill level 7 in Shields
  4508 | D:6      | Found a deep blue altar of Sif Muna.
  4594 | D:6      | Noticed Sigmund
  4606 | D:6      | Killed Sigmund
  4802 | D:6      | Found a stormy altar of Qazlal.
  5946 | D:7      | Noticed a two-headed ogre
  5978 | D:6      | Reached skill level 5 in Evocations
  5994 | D:6      | Killed a two-headed ogre
  5994 | D:6      | Reached skill level 8 in Shields
  5994 | D:6      | Reached XP level 10. HP: 30/79 MP: 12/14
  7528 | D:8      | Found a bloodstained altar of Trog.
  8211 | D:9      | Found a shattered altar of Ashenzari.
  8277 | D:9      | Found a sparkling altar of Nemelex Xobeh.
  8521 | D:10     | Entered Level 10 of the Dungeon
  8932 | D:10     | Found a staircase to the Lair.
  8936 | D:10     | Noticed an unseen horror
  8997 | D:10     | Killed an unseen horror
  8997 | D:10     | Reached skill level 9 in Shields
  8997 | D:10     | Reached XP level 11. HP: 68/86 MP: 16/16
  9486 | D:11     | Noticed Psyche
  9505 | D:11     | Killed Psyche
  9661 | D:11     | Noticed Gastronok
  9686 | D:11     | Killed Gastronok
  9760 | D:11     | HP: 4/87 [centaur/arrow (1)]
 10287 | D:11     | Reached skill level 10 in Shields
 10315 | D:11     | Noticed a purple ugly thing
 10381 | D:11     | You fall through a shaft for 2 floors!
 10699 | D:12     | Noticed a two-headed ogre
 10708 | D:12     | Killed a two-headed ogre
 10708 | D:12     | Reached XP level 12. HP: 78/95 MP: 18/18
 10763 | D:12     | Got a faintly glowing morningstar
 10764 | D:12     | Identified the +9 morningstar of Impatience {crush, rC+} (You found it on level 12 of the Dungeon)
 10791 | D:12     | Noticed an unseen horror
 10798 | D:12     | Killed an unseen horror
 10869 | D:12     | Learned a level 1 spell: Apportation
 11615 | D:11     | Reached skill level 10 in Armour
 11847 | D:11     | Noticed a two-headed ogre
 11857 | D:11     | Killed a two-headed ogre
 11857 | D:11     | Reached skill level 10 in Fighting
 11857 | D:11     | Reached skill level 11 in Shields
 12068 | D:11     | Found a staircase to the Orcish Mines.
 12187 | D:11     | Noticed Snorg
 12205 | D:11     | Killed Snorg
 12205 | D:11     | Reached skill level 10 in Evocations
 12704 | Lair:1   | Entered Level 1 of the Lair of Beasts
 12765 | Lair:1   | Noticed a five-headed hydra
 12781 | Lair:1   | HP: 2/98 [six-headed hydra (12)]
 12782 | Lair:1   | Mangled by a six-headed hydra

Skill      XL: |  1  2  3  4  5  6  7  8  9 10 11 12 |
---------------+-------------------------------------+-----
Shields        | 4 5 6 8 9 10 11 | 11.4
Long Blades    | 3 4 5 6 7 8 |  8.7
Armour         | 4 5 6 7 8 9 10 | 10.7
Dodging        | 1 |  1.1
Fighting       | 4 5 7 8 9 10 | 10.4
Evocations     | 1 5 7 8 10 | 10.2
Stealth        | |  0.3

Action                   |  1- 3 |  4- 6 |  7- 9 | 10-12 || total
-------------------------+-------+-------+-------+-------++-------
Melee: Long sword        |    73 |   169 |   352 |   434 ||  1028
       Scimitar          |       |       |       |   242 ||   242
       Great sword       |       |       |       |   165 ||   165
 Abil: Shaft Self        |       |       |       |     1 ||     1
Evoke: Wand              |       |       |       |    15 ||    15
  Use: Scroll            |       |     7 |     1 |     8 ||    16
       Potion            |       |     2 |     4 |     8 ||    14
 Stab: Distracted        |       |       |       |     9 ||     9
  Eat: Chunk             |       |     5 |     2 |       ||     7
       Ration            |       |       |     3 |     7 ||    10
Armor: Scale mail        |    28 |    97 |   132 |    69 ||   326
       Skin              |       |       |     4 |       ||     4
       Ring mail         |       |       |       |   190 ||   190
Dodge: Dodged            |    19 |    73 |   116 |   274 ||   482
Block: Shield            |    51 |    94 |   204 |   464 ||   813
       Rpst.: Long sword |     7 |    24 |    32 |    36 ||    99
       Scimitar          |       |       |       |    13 ||    13
       Great sword       |       |       |       |    17 ||    17
